 Dungeon Crawl Stone Soup version 0.17.2-1-ge4368a0 (webtiles) character file.

534 Goblin1989 the Agent of Entropy (level 7, -1/52 HPs)
             Began as a Demonspawn Abyssal Knight on Sept 11, 2016.
             Was a Priest of Lugonu.
             Slain by a scorpion (6 damage)
             ... in an ossuary.
             The game lasted 00:13:10 (3848 turns).

Goblin1989 the Agent of Entropy (DsAK)              Turns: 3848, Time: 00:13:11

Health: -1/52      AC: 11    Str: 14    XL:     7   Next: 4%
Magic:  11/11      EV:  9    Int: 14    God:    Lugonu [***...]
Gold:   133        SH:  0    Dex: 12    Spells: 0 memorised, 6 levels left

rFire  . . .     SeeInvis .     a - +0 war axe
rCold  . . .     Clarity  .     o - +0 scale mail
rNeg   . . .     SustAt   .     (no shield)
rPois  .         Gourm    .     s - +0 helmet
rElec  .         Spirit   .     (no cloak)
rCorr  .         Warding  .     (no gloves)
rMut   .         Stasis   .     (no boots)
MR     .....                    (no amulet)
Stlth  ..........               (no ring)
                                (no ring)

@: not resistant to hostile enchantments, extremely unstealthy
A: hooves 1, iridescent scales 1, rot immunity
a: Depart the Abyss, Bend Space, Banish, Renounce Religion


You were in an ossuary.
You worshipped Lugonu.
Lugonu was most pleased with you.
You were near starving.

You visited 1 branch of the dungeon, and saw 4 of its levels.
You visited the Abyss 1 time.
You also visited: Ossuary.

You collected 133 gold pieces.

Inventory:

Hand Weapons
 a - a +0 war axe (weapon)
 b - a +1 hand axe of flaming
Armour
 o - a +0 scale mail (worn)
 s - a +0 helmet (worn)
Jewellery
 e - a +5 ring of strength
Wands
 g - a wand of magic darts (6)
 k - a wand of frost (17)
 q - a wand of digging (0)
 t - a wand of confusion (28)
Scrolls
 d - a scroll of identify
 f - a scroll of remove curse
 i - a scroll of enchant armour {unknown}
 l - 2 scrolls of blinking
 n - a scroll of enchant weapon
Potions
 r - a potion of flight
 w - a potion of magic
Comestibles
 c - 3 bread rations
 h - a beef jerky
 j - a meat ration
 m - 5 fruits


   Skills:
 - Level 3.0 Fighting
 * Level 5.8 Axes
 - Level 1.7 Armour
 - Level 0.8 Dodging
 + Level 6.1 Invocations


You had 6 spell levels left.
You didn't know any spells.

Dungeon Overview and Level Annotations

Branches:
Dungeon (4/15)
 Temple: D:4-7

Altars:
Nemelex Xobeh
Ru


Innate Abilities, Weirdness & Mutations

You have large cloven feet.
You are partially covered in iridescent scales (AC +4).
You are immune to rotting.


Message History

The scorpion is lightly wounded.
The scorpion barely misses you.
You hit the scorpion but do no damage.
The scorpion is lightly wounded.
The scorpion stings you but does no damage.
You hit the scorpion.
The scorpion is moderately wounded.
The scorpion stings you but does no damage.
You closely miss the scorpion. Your kick misses the scorpion.
The scorpion is moderately wounded.
The scorpion stings you but does no damage.
The scorpion stings you.
* * * LOW HITPOINT WARNING * * *
Your scale mail prevents you from hitting the scorpion.
The scorpion is moderately wounded.
The scorpion stings you but does no damage.
You closely miss the scorpion. Your kick misses the scorpion.
The scorpion is moderately wounded.
The scorpion stings you.
You die...

#########
#...#...#...
#.∩.@...8...
#...#s......
##'###8Z..8#
#...# ......
#.∩.# .8...
#...# .#...
##### ####


You could see a scorpion and a big kobold zombie.

Vanquished Creatures
  A phantom (D:4)
  Blork the orc (D:4)
  3 orc wizards
  Ijyb (D:3)
  Jessica (D:2)
  Terence (D:2)
  Natasha (thrice) (D:2)
  A worker ant (D:4)
  A mummy (D:4)
  Robin (D:3)
  3 adders (D:2)
  3 worms
  4 giant geckos
  13 orcs (D:3)
  2 ball pythons
  4 giant cockroaches (D:1)
  18 goblins
  6 hobgoblins
  A quokka (D:2)
  6 bats
  A giant gecko skeleton (D:4)
  3 giant newts
  A gnoll zombie (Ossuary)
  8 kobolds
  8 rats
95 creatures vanquished.

Notes
Turn   | Place    | Note
--------------------------------------------------------------
     0 | Abyss:1  | Goblin1989 the Demonspawn Abyssal Knight began the quest for the Orb.
     0 | Abyss:1  | Reached XP level 1. HP: 18/18 MP: 2/2
    10 | D:1      | Escaped the Abyss
   477 | D:1      | Gained mutation: You have large cloven feet. [demonic ancestry]
   477 | D:1      | Reached XP level 2. HP: 24/24 MP: 4/4
   546 | D:1      | Reached ** piety under Lugonu
   970 | D:2      | Reached XP level 3. HP: 25/29 MP: 5/5
  1030 | D:2      | Noticed Jessica
  1041 | D:2      | Killed Jessica
  1333 | D:2      | Noticed Natasha
  1349 | D:2      | Killed Natasha
  1349 | D:2      | Gained mutation: You are immune to rotting. [demonic ancestry]
  1349 | D:2      | Reached XP level 4. HP: 28/35 MP: 6/6
  1391 | D:2      | Noticed Terence
  1406 | D:2      | Killed Terence
  1406 | D:2      | Reached skill level 4 in Invocations
  1442 | D:2      | Noticed Natasha
  1443 | D:2      | Found a sacrificial altar of Ru.
  1455 | D:2      | Killed Natasha
  1461 | D:2      | Reached XP level 5. HP: 2/41 MP: 8/8
  1807 | D:2      | Noticed Natasha
  1814 | D:2      | Killed Natasha
  2294 | D:3      | Found a sparkling altar of Nemelex Xobeh.
  2309 | D:3      | Reached *** piety under Lugonu
  2394 | D:3      | Noticed Ijyb
  2445 | D:3      | Killed Ijyb
  2445 | D:3      | Reached skill level 5 in Invocations
  2445 | D:3      | Gained mutation: You are partially covered in iridescent scales (AC +4). [demonic ancestry]
  2445 | D:3      | Reached XP level 6. HP: 12/47 MP: 9/9
  2556 | D:3      | Reached skill level 5 in Axes
  2934 | D:3      | Noticed Robin
  2945 | D:3      | Killed Robin
  3606 | D:4      | Noticed Blork the orc
  3616 | D:4      | Killed Blork the orc
  3616 | D:4      | Reached **** piety under Lugonu
  3783 | D:4      | Reached skill level 6 in Invocations
  3783 | D:4      | Reached XP level 7. HP: 14/52 MP: 11/11
  3808 | D:4      | Found a sand-covered staircase.
  3814 | Ossuary  | Entered an ossuary
  3848 | Ossuary  | Slain by a scorpion

Action                   |  1- 3 |  4- 6 |  7- 9 || total
-------------------------+-------+-------+-------++-------
Melee: Hand axe          |    76 |   133 |       ||   209
       War axe           |       |   105 |    19 ||   124
  Use: Potion            |       |     3 |       ||     3
       Scroll            |       |     9 |       ||     9
 Stab: Paralysed         |       |     3 |       ||     3
  Eat: Chunk             |     1 |     7 |       ||     8
